Map: Crête de Lerilak

Players

Sharf - Winner!

  • Race: Zerg Zerg
  • League: Diamond

Worming

  • Race: Zerg Zerg
  • League: Diamond

VOD

Have the link to the VOD?

Description

Time

  • Played on: Nov. 27, 2015, 4:11 p.m.
  • Length: 7:53
Show
View Real Time Build Order
Export as new Build Order

Sharf Zerg - Winner!

Build Orders: Pool First 

Get SALT Encoding   

  12  0:01  Drone  
  13  0:09  Drone  
  14  0:15  Extractor  
  14  0:16  Drone  
  14  0:33  Spawning Pool  
  13  0:37  Drone  
  14  0:42  Extractor  
  14  0:43  Drone  
  15  0:50  Overlord  
  15  1:19  Metabolic Boost  
  15  1:20  Queen  
  15  1:21  Zergling x2  
  15  1:22  Zergling x2  
  19  1:26  Zergling x2  
  20  1:32  Zergling x2  
  21  1:43  Overlord  
  21  1:53  Zergling x2  
  22  2:09  Hatchery  
  21  2:19  Zergling x4  
  23  2:26  Zergling x2  
  24  2:32  Zergling x6  
  26  2:55  Baneling Nest  
  25  3:02  Overlord  
  25  3:03  Drone x2  
  25  3:04  Drone x2  
  29  3:24  Queen  
  29  3:25  Drone  
  32  3:28  Drone  
  32  3:33  Drone  
  34  3:44  Drone  
  35  3:48  Roach Warren  
  35  3:50  Drone  
  34  4:05  Baneling x3  
  34  4:33  Roach x3  
  34  4:34  Roach x2  
  44  4:39  Overlord x3  
  44  4:41  Extractor  
  42  4:54  Drone  
  43  5:04  Drone x4  
  43  5:05  Drone x2  
  49  5:17  Overlord  
  49  5:18  Drone  
  50  5:29  Roach x2  
  50  5:33  Roach  
  50  5:34  Roach x3  
  62  5:59  Roach x2  
  66  6:08  Ravager x2  
  68  6:12  Ravager  
  68  6:18  Drone x2, Overlord x2  
  71  6:19  Overlord  
  71  6:23  Extractor  
  71  6:24  Zergling x4  
  71  6:25  Zergling x6  
  75  6:28  Ravager  
  76  6:35  Overlord  
  76  6:41  Drone  
  76  6:42  Drone x5  
  82  7:07  Roach x4  
  82  7:08  Roach x4  
  98  7:16  Baneling x6  
Show
View Real Time Build Order
Export as new Build Order

Worming Zerg 

Build Orders: Pool First 

Get SALT Encoding   

  12  0:01  Drone  
  13  0:08  Drone  
  14  0:19  Extractor  
  14  0:20  Drone  
  14  0:21  Extractor  
  15  0:32  Spawning Pool  
  14  0:40  Overlord  
  14  0:47  Extractor  
  14  0:48  Drone  
  14  1:00  Drone  
  14  1:01  Drone  
  16  1:19  Queen  
  16  1:20  Zergling x4  
  20  1:37  Hatchery  
  19  1:50  Metabolic Boost  
  19  1:58  Spine Crawler  
  18  2:11  Baneling Nest  
  17  2:20  Drone x2  
  19  2:25  Zergling x2  
  19  2:29  Drone x2  
  23  2:38  Overlord  
  22  2:50  Zergling x2  
  22  2:54  Baneling  
  22  2:55  Baneling  
  22  2:56  Drone x2  
  24  3:01  Queen  
  26  3:12  Zergling x4  
  28  3:13  Zergling x2  
  29  3:21  Zergling x2  
  29  3:26  Extractor  
  29  3:32  Zergling x2  
  29  3:33  Overlord  
  30  3:35  Overlord  
  30  3:52  Hatchery  
  28  4:04  Baneling x3  
  28  4:05  Zergling x6  
  28  4:07  Drone x2  
  31  4:31  Drone x3  
  31  4:33  Lair  
  31  4:52  Overlord  
  31  4:53  Drone  
  32  5:09  Drone x3  
  32  5:13  Drone  
  36  5:26  Drone  
  37  5:28  Drone x3  
  40  5:36  Drone x3  
  43  5:44  Drone x4  
  43  5:45  Spire  
  43  5:48  Extractor  
  43  5:49  Extractor  
  44  6:00  Drone x3  
  47  6:04  Drone  
  47  6:05  Drone x2  
  47  6:06  Overlord  
  47  6:07  Overlord  
  50  6:44  Hatchery  
  48  6:52  Overlord  
  48  6:59  Mutalisk x9  
  66  7:06  Zergling x2  
  66  7:07  Zergling x2  
  66  7:17  Mutalisk  
  66  7:22  Baneling  
  68  7:23  Baneling  
Tags
 
Add a new tag
Caveats
  • Supply blocks, unpowered buildings, or Contaminate may cause inaccurate times.
  • Supply counts are checked every 10 seconds.